 Dungeon Crawl Stone Soup version 0.26-a0-49-g0e6732e0a6 (webtiles) character file.

Game seed: 14476344166316803570

6084 Fv001 the Skirmisher (level 10, -7/63 HPs)
             Began as a Gargoyle Chaos Knight on June 4, 2020.
             Was a Plaything of Xom.
             Mangled by a guardian serpent (13 damage)
             ... on level 9 of the Dungeon.
             The game lasted 00:27:45 (8951 turns).

Fv001 the Skirmisher (Gargoyle Chaos Knight)        Turns: 8951, Time: 00:27:45

Health: -7/63      AC: 28    Str: 16    XL:     10   Next: 88%
Magic:  18/18      EV: 11    Int: 13    God:    Xom [.....*]
Gold:   225        SH:  4    Dex: 14    Spells: 19/19 levels left

rFire    . . .     SeeInvis .   w - +2 flail (protect)
rCold    + . .     Gourm    .   (no shield)
rNeg     + . .     Faith    .   u - +0 plate armour
rPois    ∞         Spirit   .   f - +0 helmet
rElec    +         Reflect  .   m - scarf {repulsion}
rCorr    +         Harm     .   (no gloves)
MR       .....                  (no boots)
Stlth    ..........             I - amulet of the acrobat
HPRegen  0.20/turn              k - +4 ring of evasion
MPRegen  0.16/turn              G - ring of resist corrosion

@: protection aura, repel missiles
A: hooves 1, large bone plates 1, agile 1, cold resistance 1, negative energy
resistance 1, screaming 2, electricity resistance, unbreathing, petrification
resistance, rot immunity, AC +7
a: Renounce Religion


You were on level 9 of the Dungeon.
You worshipped Xom.
You were Xom's teddy bear.
You were not hungry.

You visited 1 branch of the dungeon, and saw 9 of its levels.
You also visited: Ossuary.

You collected 540 gold pieces.
You spent 315 gold pieces at shops.

Inventory:

Hand Weapons
 a - a +0 mace of chaos
 b - a +0 morningstar
 w - a +2 flail of protection (weapon)
Missiles
 i - 422 stones (quivered)
Armour
 f - a +0 helmet (worn)
 m - a scarf of repulsion (worn)
 u - a +0 plate armour (worn)
Jewellery
 k - a +4 ring of evasion (left hand)
 n - an uncursed ring of wizardry
 G - a ring of resist corrosion (right hand)
 I - an amulet of the acrobat (around neck)
Wands
 j - a wand of polymorph (4)
 s - a wand of clouds (5)
 x - a wand of iceblast (5)
Scrolls
 d - a scroll of blinking
 e - 4 scrolls of random uselessness {unknown}
 h - 6 scrolls of teleportation
 l - 2 scrolls of remove curse
 r - 2 scrolls of amnesia
 y - a scroll of fog {unknown}
 F - a scroll of magic mapping {unknown}
Potions
 g - a potion of curing
 o - a potion of cancellation {unknown}
 p - a potion of ambrosia {unknown}
 t - a potion of heal wounds {unknown}
 v - a potion of stabbing {unknown}
 z - a potion of degeneration
 A - a potion of invisibility {unknown}
 B - 2 potions of brilliance
 C - 2 potions of flight
 D - a potion of mutation {unknown}
 E - 2 potions of lignification
Comestibles
 c - 18 rations
 q - 3 chunks of flesh


   Skills:
 + Level 7.6 Fighting
 + Level 6.9 Maces & Flails
   Level 0.2 Polearms
 + Level 7.2 Armour
 + Level 5.1 Dodging
 + Level 7.1 Stealth
 + Level 5.4 Spellcasting
 + Level 4.5 Evocations


You had 19 spell levels left.
You didn't know any spells.
Your spell library was empty.

Dungeon Overview and Level Annotations

Branches:
Dungeon (9/15)             Temple (0/1) D:5         Ossuary (visited)
   Lair: D:8-11         Orc: D:9-12

Altars:
Cheibriados
Dithmenos
Fedhas
Hepliaklqana
Kikubaaqudgha
Qazlal
Trog
Wu Jian
Xom
The Shining One

Shops:
D:6 *   D:8 (

Annotations:
D:7 2 transporters, 1994's ghost, novice OgHu
D:9 3 runed translucent doors


Innate Abilities, Weirdness & Mutations

You are resistant to torment.
Your stone body is resilient. (AC +7)
You are immune to poison.
You resist negative energy. (rN+)
You are resistant to electric shocks. (rElec)
You can survive without breathing.
You are immune to petrification.
You are immune to rotting.
You have large cloven feet.
You are partially covered in large bone plates. (SH +4)
You are agile. (Dex +2)
Your flesh is cold resistant. (rC+)
You sometimes yell uncontrollably at your foes.


Message History

The guardian serpent is almost dead.
The guardian serpent closely misses you.
Your plate armour prevents you from hitting the guardian serpent.
You kick the guardian serpent, but do no damage.
The guardian serpent is almost dead.
The guardian serpent misses you. The guardian serpent hits you.
* * * LOW HITPOINT WARNING * * *
Unknown command.
Your plate armour prevents you from hitting the guardian serpent.
The guardian serpent is almost dead.
The guardian serpent hits you but does no damage.
You completely miss the guardian serpent.
The guardian serpent is severely wounded.
The guardian serpent hits you!
* * * LOW HITPOINT WARNING * * *
The guardian serpent hits you but does no damage.
You hit the guardian serpent. Your kick misses the guardian serpent.
The guardian serpent is almost dead.
The guardian serpent hits you!
You die...

###...###.##......######
.#..#..#..........#
....##...÷...###########
###...[#.....# ###.....
####.......# ##...####
##......# #..###
#.###### #.## #.# #.##
#@# #).#### #S# ##....##
#.# ####..# #.. ##.# #__
##### ###..##
##_##...####)..###
.####.(...)### # .#
######## # #


You could see a guardian serpent.

Vanquished Creatures
  A two-headed ogre (D:9)
  Joseph (D:8)
  A guardian serpent (D:9)
  Maggie (D:7)
  A troll (D:9)
  A hornet (D:9)
  A hippogriff (D:9)
  A wyvern (D:8)
  A steam dragon (D:7)
  Menkaure (D:7)
  Edmund (D:4)
  A black bear (D:9)
  An ice beast (D:6)
  4 orc warriors
  A hornet zombie (D:8)
  2 ogres (D:7)
  4 sky beasts
  A necrophage (D:5)
  A phantom (D:8)
  A centaur (D:5)
  A bullfrog (D:6)
  A wyvern skeleton (D:7)
  3 scorpions
  3 electric eels (D:8)
  A howler monkey (D:4)
  8 wights
  2 crimson imps
  A bullfrog zombie (D:8)
  2 hounds (D:5)
  A centaur zombie (Ossuary)
  2 jellies
  10 orc wizards
  2 bullfrog skeletons
  3 human zombies (Ossuary)
  5 orc priests
  A centaur skeleton (D:6)
  4 iguanas
  9 worker ants
  Natasha (twice) (D:4)
  A hound skeleton (D:5)
  5 mummies (Ossuary)
  3 gnolls (D:4)
  7 adders
  An ooze (D:4)
  An adder zombie (D:9)
  A worm (D:2)
  2 dart slugs (D:1)
  4 leopard geckos
  50 orcs
  A ball python (D:3)
  7 giant cockroaches
  A gnoll zombie (Ossuary)
  3 goblins
  9 hobgoblins
  3 jackals (D:1)
  5 kobolds
  6 quokkas
  A ball python skeleton (D:4)
  2 bats
  3 frilled lizards
  A goblin zombie (Ossuary)
  2 hobgoblin zombies (Ossuary)
  A leopard gecko skeleton (D:6)
  A leopard gecko zombie (D:9)
  8 rats
  A toadstool (D:4)
218 creatures vanquished.

Vanquished Creatures (collateral kills)
  An orc wizard (D:9)
  2 orcs (D:9)
3 creatures vanquished.

Vanquished Creatures (others)
  An adder (D:8)
  2 toadstools (D:4)
3 creatures vanquished.

Grand Total: 224 creatures vanquished

Notes
Turn   | Place    | Note
-------+----------+-------------------------------------------
     0 | D:1      | Fv001 the Gargoyle Chaos Knight began the quest for the
                  | Orb.
     0 | D:1      | Reached XP level 1. HP: 14/14 MP: 1/1
    58 | D:1      | XOM: silly message
   167 | D:1      | Reached XP level 2. HP: 13/19 MP: 2/2
   275 | D:1      | XOM: silly message
   328 | D:1      | XOM: draining
   838 | D:2      | Reached skill level 1 in Dodging
   860 | D:2      | Found a shimmering altar of Xom.
   926 | D:2      | Reached XP level 3. HP: 23/23 MP: 3/3
  1747 | D:3      | Reached skill level 1 in Stealth
  1858 | D:3      | XOM is BORED!
  1858 | D:3      | XOM: give mutations
  1858 | D:3      | Gained mutation: You have a pair of small horns on your
                  | head. [Xom's mischief]
  1858 | D:3      | Lost mutation: You have a pair of small horns on your head.
                  | [Xom's mischief]
  1965 | D:3      | Reached XP level 4. HP: 29/29 MP: 5/5
  2230 | D:3      | Reached skill level 1 in Spellcasting
  2568 | D:4      | XOM: give mutations
  2568 | D:4      | Gained mutation: You have large cloven feet. [Xom's
                  | mischief]
  2568 | D:4      | Gained mutation: You are frail. (-10% HP) [Xom's mischief]
  2568 | D:4      | Gained mutation: You occasionally shout uncontrollably at
                  | your foes. [Xom's mischief]
  2568 | D:4      | Lost mutation: You are frail. (-10% HP) [Xom's mischief]
  2614 | D:4      | XOM: confusion (+ monsters)
  2626 | D:4      | Reached XP level 5. HP: 33/33 MP: 5/7
  2877 | D:4      | Found a bloodstained altar of Trog.
  2877 | D:4      | Found a shadowy altar of Dithmenos.
  2878 | D:4      | Found an ancient bone altar of Kikubaaqudgha.
  2895 | D:4      | Reached XP level 6. HP: 38/38 MP: 8/8
  2899 | D:4      | XOM: enchant monster (bad)
  2925 | D:4      | XOM: smoke on damage
  3031 | D:4      | Found a blossoming altar of Fedhas.
  3041 | D:4      | Noticed Edmund
  3093 | D:4      | XOM: enchant monster (bad)
  3103 | D:4      | Killed Edmund
  3103 | D:4      | Reached XP level 7. HP: 28/44 MP: 10/10
  3299 | D:4      | XOM: noise
  3302 | D:4      | Noticed Natasha
  3305 | D:4      | Noticed Natasha
  3305 | D:4      | Natasha changed into Natasha the iguana
  3305 | D:4      | XOM: polymorph Natasha -> Natasha the iguana
  3312 | D:4      | Killed Natasha the iguana
  3324 | D:4      | Found a hazy altar of Hepliaklqana.
  3451 | D:4      | XOM: noise
  3474 | D:4      | Noticed Natasha
  3481 | D:4      | Killed Natasha
  3488 | D:4      | XOM: give mutations
  3488 | D:4      | Gained mutation: Your flesh is cold resistant. (rC+) [Xom's
                  | grace]
  3488 | D:4      | Gained mutation: Your natural rate of healing is unusually
                  | fast. [Xom's grace]
  3498 | D:4      | Noticed Natasha
  3501 | D:4      | XOM: polymorph shadow imp -> white imp
  3503 | D:4      | Killed Natasha
  3630 | D:4      | XOM: god gift: short glowing staff {god gift}
  3691 | D:5      | Entered Level 5 of the Dungeon
  3724 | D:5      | Reached skill level 5 in Fighting
  3782 | D:5      | Found an ornate altar of the Wu Jian Council.
  4018 | D:5      | Found a staircase to the Ecumenical Temple.
  4064 | D:5      | Reached skill level 1 in Evocations
  4064 | D:5      | Reached XP level 8. HP: 49/49 MP: 12/12
  4182 | D:5      | XOM: give mutations
  4182 | D:5      | Gained mutation: You are partially covered in large bone
                  | plates. (SH +4) [Xom's grace]
  4182 | D:5      | Gained mutation: You are agile. (Dex +2) [Xom's grace]
  4319 | D:6      | XOM: give mutations
  4319 | D:6      | Lost mutation: Your natural rate of healing is unusually
                  | fast. [Xom's mischief]
  4319 | D:6      | Gained mutation: You sometimes yell uncontrollably at your
                  | foes. [Xom's mischief]
  4377 | D:6      | XOM: cast spell 'Olgreb's Toxic Radiance'
  4386 | D:6      | Reached skill level 5 in Maces & Flails
  4393 | D:6      | Reached skill level 5 in Armour
  4551 | D:6      | Found Ojubog's Assorted Antiques.
  4554 | D:6      | Bought an iridescent trident for 255 gold pieces
  4554 | D:6      | Bought a scroll of identify for 60 gold pieces
  4556 | D:6      | Identified the cursed +0 trident of Ituluqon {flame, rF+}
                  | (You bought it in a shop on level 6 of the Dungeon)
  4595 | D:6      | XOM: polymorph orc priest -> iguana
  4647 | D:6      | XOM: cloud trail
  4819 | D:6      | Found a stormy altar of Qazlal.
  4888 | D:6      | Reached XP level 9. HP: 54/55 MP: 14/14
  4895 | D:6      | XOM: enchant monster (bad)
  5237 | D:7      | XOM: stat loss: -1 Dex (13/14)
  5251 | D:7      | Reached skill level 5 in Stealth
  5254 | D:7      | XOM: enchant monster (bad)
  5260 | D:7      | XOM: 1-stop teleportation journey
  5338 | D:7      | XOM: noise
  5399 | D:7      | Found a transporter.
  5399 | D:7      | Noticed 1994's ghost (novice OgHu)
  5449 | D:7      | Noticed Maggie
  5454 | D:7      | XOM is BORED!
  5454 | D:7      | XOM: stat loss: -2 Dex (11/14)
  5460 | D:7      | Identified the cursed +2 trident "Iczoatei" {vamp, *Corrode
                  | Int+5 Dex+3}
  5461 | D:7      | Noticed a moth of wrath
  5472 | D:7      | Killed Maggie
  5515 | D:7      | XOM: polymorph orc warrior -> steam dragon
  5517 | D:7      | XOM: enchant monster (bad)
  5561 | D:7      | XOM: 1-stop teleportation journey
  5829 | D:7      | Found a glowing golden altar of the Shining One.
  5829 | D:7      | Found a snail-covered altar of Cheibriados.
  5873 | D:7      | Found a bloodstained altar of Trog.
  5880 | D:7      | Found a transporter.
  6004 | D:7      | Noticed Menkaure
  6009 | D:7      | Killed Menkaure
  6197 | D:8      | XOM: noise
  6199 | D:8      | Found a sand-covered staircase.
  6386 | Ossuary  | Entered an ossuary
  6414 | Ossuary  | XOM: 3-stop teleportation journey
  6961 | D:8      | XOM: noise
  6964 | D:8      | Reached XP level 10. HP: 51/61 MP: 16/16
  7299 | D:8      | XOM: 1-stop teleportation journey
  7309 | D:8      | Noticed Joseph
  7320 | D:8      | XOM: potion effect (invisibility)
  7324 | D:8      | Killed Joseph
  7349 | D:8      | Found Juwe's Antique Weapon Shoppe.
  7800 | D:9      | Noticed a two-headed ogre
  7803 | D:9      | XOM: summons friendly quasit
  7813 | D:9      | Killed a two-headed ogre
  7813 | D:9      | Reached skill level 5 in Spellcasting
  7988 | D:9      | Found a runed translucent gate.
  7988 | D:9      | Found a runed translucent gate.
  7993 | D:9      | XOM: enchant monster (good)
  7998 | D:9      | Found a runed translucent gate.
  8130 | D:9      | XOM: noise
  8145 | D:9      | XOM: noise
  8270 | D:9      | XOM is BORED!
  8270 | D:9      | XOM: noise
  8499 | D:9      | XOM: confusion (+ monsters)
  8540 | D:9      | Noticed a guardian serpent
  8541 | D:9      | XOM: cast spell 'Olgreb's Toxic Radiance'
  8546 | D:9      | XOM: fake destruction
  8549 | D:9      | Killed a guardian serpent
  8549 | D:9      | Reached skill level 5 in Dodging
  8625 | D:9      | XOM: god gift: 9 arrows
  8904 | D:9      | Noticed a guardian serpent
  8904 | D:9      | XOM: cast spell 'Chain of Chaos'
  8915 | D:9      | XOM: cast spell 'Shadow Creatures'
  8923 | D:9      | XOM: scenery: create altars
  8951 | D:9      | Mangled by a guardian serpent

Illustrated notes

Levels and vault maps discovered:
D:1:      heliophobic_arrival_henge, layout_basic, minmay_misc_feat_rugged,
          grunt_decor_one_mirror
D:2:      layout_basic, old_standard_altar
D:3:      layout_rooms, first_ration, minivault_5
D:4:      layout_loops_ring, overflow_temple_1_default, old_standard_altar,
          gammafunk_temple_overflow_claw, grunt_ministairs_12,
          minmay_gold_behind_fungi, minmay_misc_feat_plants, st_stairs_3,
          hangedman_abyss_or_decor_passed, uniq_edmund, uniq_natasha
D:5:      layout_basic, old_standard_altar, minmay_temple_entry_ruins
D:6:      layout_loops_ring, nicolae_overflow_crystal_walls, serial_shops,
          kennysheep_mini
D:7:      layout_rooms, gammafunk_temple_overflow_pools,
          gammafunk_ghost_wrathful_warriors, grunt_ogre_cave, uniq_menkaure,
          uniq_maggie
D:8:      layout_basic, enter_ossuary_5, serial_shops, nicolae_shop_waterfront,
          uniq_joseph
D:9:      nrook_guardian_serpent_snake_passage, layout_basic, serial_glass,
          glass_columns_a, glass_columns_a, minmay_strange_pillars,
          minmay_strange_pillars, gammafunk_ghost_spectres

Skill      XL: |  1  2  3  4  5  6  7  8  9 10 |
---------------+-------------------------------+-----
Dodging        | 1 2 3 4 5 |  5.1
Stealth        | 1 2 3 4 6 7 |  7.1
Spellcasting   | 1 2 3 4 5 |  5.4
Armour         | 3 4 5 6 7 |  7.2
Fighting       | 4 5 6 7 |  7.6
Maces & Flails | 4 5 6 |  6.9
Evocations     | 1 2 3 4 |  4.5
Polearms       | |  0.2

Action                   |  1- 3 |  4- 6 |  7- 9 | 10-12 || total
-------------------------+-------+-------+-------+-------++-------
Melee: Mace              |   103 |    24 |     1 |       ||   128
       Flail             |       |   153 |   402 |   314 ||   869
       Kick              |       |    23 |   122 |    63 ||   208
       Trident           |       |       |    38 |       ||    38
Throw: Stone             |     1 |       |       |       ||     1
Evoke: Wand              |       |       |     1 |       ||     1
  Use: Scroll            |     6 |       |     7 |       ||    13
       Potion            |     2 |       |     3 |     6 ||    11
 Stab: Sleeping          |     2 |     1 |       |       ||     3
       Invisible         |       |       |       |     2 ||     2
  Eat: Chunk             |     3 |     4 |    13 |     7 ||    27
Armor: Leather armour    |    28 |     6 |       |       ||    34
       Plate armour      |       |   108 |   248 |   168 ||   524
       Skin              |       |       |    21 |    27 ||    48
Dodge: Dodged            |    78 |    92 |   194 |   135 ||   499
       Repelled          |     1 |     5 |     4 |     2 ||    12
Block: Other             |       |       |    35 |    49 ||    84

Table legend:
 A = Non-vault XP
 B = Vault XP
 C = Vault XP percentage of total XP
 D = Non-vault monster count
 E = Vault monster count
 F = Vault count percentage of total count
                 A         B        C        D         E       F
            +---------+---------+-------+---------+---------+-------
      Total |    6647 |    2045 |  23.5 |     199 |      21 |   9.5
            +---------+---------+-------+---------+---------+-------
        D:1 |      25 |       0 |   0.0 |      12 |       0 |   0.0
        D:2 |      29 |       0 |   0.0 |      15 |       0 |   0.0
        D:3 |      56 |       0 |   0.0 |      18 |       0 |   0.0
        D:4 |     605 |     234 |  27.9 |      30 |       3 |   9.1
        D:5 |     369 |       0 |   0.0 |      13 |       0 |   0.0
        D:6 |    1248 |       0 |   0.0 |      32 |       0 |   0.0
        D:7 |     576 |     649 |  53.0 |       9 |       3 |  25.0
        D:8 |    1023 |     455 |  30.8 |      26 |       1 |   3.7
        D:9 |    2716 |     442 |  14.0 |      44 |       1 |   2.2
    Ossuary |       0 |     265 | 100.0 |       0 |      13 | 100.0
            +---------+---------+-------+---------+---------+-------
